 Dungeon Sprint DCSS version 0.24-a0-165-g1b465fe (webtiles) character file.

Game seed: 12493666400128857926

544 schets the Grappler (level 7, -3/78 HPs)
             Began as a Troll Monk on Mar 7, 2019.
             Was a Priest of Cheibriados.
             Slain by a red devil
             ... wielding a +0 demon trident of electrocution
             ... summoned by a kobold demonologist
              (9 damage)
             ... in the Dungeon (Sprint III: "The Ten Rune Challenge").
             The game lasted 00:01:40 (474 turns).

schets the Grappler (Troll Monk)                     Turns: 474, Time: 00:01:41

Health: -3/78      AC:  7    Str: 27    XL:     7   Next: 6%
Magic:  8/8        EV: 14    Int: 15    God:    Cheibriados [***...]
Gold:   42         SH:  0    Dex: 19    Spells: 8/8 levels left

rFire    . . .     SeeInvis .     - Unarmed
rCold    + . .     Gourm    +   (no shield)
rNeg     . . .     Faith    .   g - +1 robe {rC+}
rPois    .         Spirit   .   (helmet restricted)
rElec    .         Reflect  .   (no cloak)
rCorr    .         Harm     .   (gloves unavailable)
MR       .....     Clarity  +   (boots unavailable) Stlth ++........NoTele +
                                (no amulet)
HPRegen  1.03/turn              (no ring)
MPRegen  0.11/turn              (no ring)

@: very slow
A: large, unfitting armour, claws 3, clarity, fast metabolism 3, gourmand,
regeneration 2, shaggy fur 1, tough skin 3
a: Bend Time, Temporal Distortion, Renounce Religion


You were in the Dungeon.
You worshipped Cheibriados.
Cheibriados was most pleased with you.
You were not hungry.

You visited 1 branch You collected 42 gold pieces.

Inventory:

Armour
 a - a +0 robe
 g - a +1 robe of cold resistance (worn)
Scrolls
 h - a scroll of blinking
 i - 2 scrolls of immolation {unknown}
 k - a scroll of holy word {unknown}
 l - 3 scrolls of identify
 m - 2 scrolls of remove curse {unknown}
Potions
 c - a potion of curing
 f - 2 potions of magic
 j - 3 potions of mutation
 n - a potion of agility {unknown}
 o - 3 potions of flight
Miscellaneous
 e - a sack of spiders
Comestibles
 b - 5 rations


   Skills:
 * Level 7.6 Fighting
 + Level 4.8 Armour
 + Level 5.6 Dodging
 - Level 1.4 Stealth
 * Level 9.1 Unarmed Combat
 - Level 1.3 Spellcasting


You had 8 spell levels left.
You didn't know any spells.
Your spell library was empty.

Dungeon Overview and Level Annotations

Branches:
Dungeon (1/1)

Altars:
Cheibriados
Dithmenos
Fedhas
Gozag
Hepliaklqana
Kikubaaqudgha
Makhleb
Nemelex Xobeh
Qazlal
Ru
Sif Muna
Vehumet
Xom
Yredelemnul
Jiyva
Lugonu


Innate Abilities, Weirdness & Mutations

You are too large for most types of armour.
You have claws for hands.
Your metabolism is lightning-fast.
You like to eat raw meat.
You heal very quickly.
You are covered in fur. (AC +1)
You have extremely tough skin. (AC +3)
You possess an exceptional clarity of mind.


Message History

You closely miss the kobold demonologist.
The red devil hits you but does no damage.
The kobold demonologist casts a spell.
The red devil hits you from afar with a +0 demon trident of electrocution!
* * * LOW HITPOINT WARNING * * *
Unknown command.
You feel much better. The ufetubus barely misses you. x2
The kobold demonologist misses you.
The red devil hits you from afar with a +0 trident.
* * * LOW HITPOINT WARNING * * *
The crimson imp hits you.
* * * LOW HITPOINT WARNING * * *
Unknown command.
You closely miss the kobold demonologist.
The ufetubus hits you but does no damage.
The ufetubus barely misses you.
The red devil hits you from afar with a +0 demon trident of electrocution.
* * * LOW HITPOINT WARNING * * *
You are electrocuted!
You die...

#..#....♣♣ ♣.# #__#
####.....♣♣ ♣.# #._#
...#....≈.♣♣♣♣.###+#+###'##
...#...≈≈.♣♣...#..........#
...#..≈≈≈≈.♣♣♣.'.⌠........#
##'#..≈≈≈≈≈≈♣..#...######'#
...#.≈≈≈≈≈≈....#.⌠.#__#...#
...#.≈≈≈≈≈.....#5..#__#...#
...#.≈≈≈.......#@###__#...#
####...........#K54#__#...+
...............#45_#__'...#
▓▓▓▓▓▓▓▓▓▓▓▓▓▓▓▓▓▓▓▓▓▓▓▓▓▓▓


You could see a kobold demonologist, 2 red devils, a crimson imp, a shadow imp
and an ufetubus.

Vanquished Creatures
  A shadow (D)
  A spatial vortex (D)
  A necrophage (D)
  A water elemental (D)
  A jelly (D)
  A wizard (D)
  A necromancer (D)
  A human (D)
  An ooze (D)
  A phantom (D)
  3 rats (D)
13 creatures vanquished.

Vanquished Creatures (others)
  2 draconian scorchers (D)
  2 yaktaurs (D)
  6 hellions (D)
  A plant (D)
11 creatures vanquished.

Grand Total: 24 creatures vanquished

Notes
Turn   | Place    | Note
-------+----------+-------------------------------------------
     0 | D        | schets the Troll Monk began the quest for the Orb.
     0 | D        | Reached XP level 1. HP: 22/22 MP: 0/0
    28 | D        | Killed a yaktaur
    96 | D        | Reached skill level 1 in Armour
    96 | D        | Reached skill level 4 in Unarmed Combat
    96 | D        | Reached skill level 1 in Spellcasting
    96 | D        | Reached XP level 2. HP: 16/31 MP: 3/3
   108 | D        | Killed a yaktaur
   110 | D        | Killed a hellion
   112 | D        | Killed a hellion
   131 | D        | Killed a hellion
   132 | D        | Killed a hellion
   132 | D        | Killed a hellion
   139 | D        | Reached XP level 3. HP: 33/37 MP: 4/4
   141 | D        | Killed a white draconian scorcher
   161 | D        | Killed a white draconian scorcher
   179 | D        | Gained mutation: You heal very quickly. [potion of
                  | mutation]
   179 | D        | Gained mutation: You possess an exceptional clarity of
                  | mind. [potion of mutation]
   181 | D        | Killed a hellion
   195 | D        | Noticed a water elemental
   205 | D        | Killed a water elemental
   205 | D        | Reached skill level 5 in Unarmed Combat
   205 | D        | Reached XP level 4. HP: 16/49 MP: 5/5
   260 | D        | Noticed a shadow
   263 | D        | Killed a shadow
   263 | D        | Reached skill level 7 in Unarmed Combat
   263 | D        | Reached XP level 5. HP: 59/59 MP: 6/6
   264 | D        | Reached XP level 6. HP: 68/68 MP: 7/7
   284 | D        | Found a blossoming altar of Fedhas.
   284 | D        | Found a stormy altar of Qazlal.
   284 | D        | Found a snail-covered altar of Cheibriados.
   284 | D        | Found a burning altar of Makhleb.
   284 | D        | Found a shimmering altar of Xom.
   284 | D        | Noticed a spatial vortex
   313 | D        | Found a hazy altar of Hepliaklqana.
   313 | D        | Found an opulent altar of Gozag.
   313 | D        | Found a sparkling altar of Nemelex Xobeh.
   313 | D        | Found a corrupted altar of Lugonu.
   313 | D        | Found a viscous altar of Jiyva.
   317 | D        | Became a worshipper of Cheibriados the Contemplative
   317 | D        | Reached * piety under Cheibriados
   317 | D        | Reached ** piety under Cheibriados
   323 | D        | Killed a spatial vortex
   323 | D        | Reached skill level 5 in Dodging
   323 | D        | Reached skill level 8 in Unarmed Combat
   381 | D        | Found a shadowy altar of Dithmenos.
   382 | D        | Found a basalt altar of Yredelemnul.
   382 | D        | Found a sacrificial altar of Ru.
   384 | D        | Reached *** piety under Cheibriados
   392 | D        | Reached skill level 9 in Unarmed Combat
   392 | D        | Reached XP level 7. HP: 71/78 MP: 8/8
   467 | D        | Found a radiant altar of Vehumet.
   467 | D        | Found a deep blue altar of Sif Muna.
   467 | D        | Found an ancient bone altar of Kikubaaqudgha.
   469 | D        | Noticed a red devil
   470 | D        | Noticed a red devil
   472 | D        | HP: 1/78 [red devil/+0 demon trident of electrocution[a
                  | kobold demonologist] (9)]
   474 | D        | Slain by a red devil

Levels and vault maps discovered:
D:        dungeon_sprint_mu [sprint_mu_entry_forest, sprint_mu_temple_rooms,
          sprint_mu_d1_horrors, sprint_mu_d2_genie, sprint_mu_d3_branching,
          sprint_mu_orc_legion, sprint_mu_elf_gauntlet, sprint_mu_hive_nellie,
          sprint_mu_lair_fedhas, sprint_mu_vaults_butterflies,
          sprint_mu_slime_circle, sprint_mu_swamp_cave, sprint_mu_snake_twists,
          sprint_mu_blade_basic, sprint_mu_crypt_fortress,
          sprint_mu_tomb_spiral, sprint_mu_vestibule_basic,
          sprint_mu_gehenna_hellfire, sprint_mu_dis_giant,
          sprint_mu_tartarus_statrot, sprint_mu_cocytus_islands, sprint_mu_zot1]

Skill      XL: |  1  2  3  4  5  6 |
---------------+-------------------+-----
Fighting       | 3 4 6 7 |  7.6
Armour         | 1 2 3 4 |  4.8
Unarmed Combat | 4 5 7 9 |  9.1
Spellcasting   | 1 |  1.3
Dodging        | 3 4 5 |  5.6
Stealth        | |  1.4

Action                   |  1- 3 |  4- 6 |  7- 9 || total
-------------------------+-------+-------+-------++-------
Melee: Unarmed           |    28 |    14 |     5 ||    47
       Punch             |       |     2 |       ||     2
  Use: Potion            |     2 |     1 |     1 ||     4
  Eat: Chunk             |     1 |       |       ||     1
Armor: Robe              |     5 |     5 |     4 ||    14
Dodge: Dodged            |     8 |     3 |     5 ||    16

Table legend:
 A = Non-vault XP
 B = Vault XP
 C = Vault XP percentage of total XP
 D = Non-vault monster count
 E = Vault monster count
 F = Vault count percentage of total count
                 A         B        C        D         E       F
            +---------+---------+-------+---------+---------+-------
      Total |       0 |     778 | 100.0 |       0 |      13 | 100.0
            +---------+---------+-------+---------+---------+-------
          D |       0 |     778 | 100.0 |       0 |      13 | 100.0
            +---------+---------+-------+---------+---------+-------
